 Dungeon Crawl Stone Soup version 0.24-a0-278-gefa197325e (webtiles) character file.

Game seed: 13442650716989833807

74 HAL9000 the Sneak (level 4, 0/23 HPs)
             Began as a Vine Stalker Assassin on Apr 29, 2019.
             Slain by an orc wizard
             ... wielding a +1 dagger of freezing
              (3 damage)
             ... on level 2 of the Dungeon.
             The game lasted 00:01:49 (1476 turns).

HAL9000 the Sneak (Vine Stalker Assassin)           Turns: 1476, Time: 00:01:49

Health: 0/23       AC:  3    Str: 14    XL:     4   Next: 30%
Magic:  0/5        EV: 11    Int: 11    God:
Gold:   29         SH:  0    Dex: 16    Spells: 3/3 levels left

rFire    . . .     SeeInvis .   a - +2 dagger
rCold    . . .     Gourm    .   (no shield)
rNeg     . . .     Faith    .   c - +0 robe
rPois    .         Spirit   +   (no helmet)
rElec    .         Reflect  .   d - +0 cloak
rCorr    .         Harm     .   (no gloves)
MR       .....                  (no boots)
Stlth    +++.......             (no amulet)
HPRegen  0.47/turn              (no ring)
MPRegen  0.09/turn              (no ring)

@: slowed, very slow
A: fangs 2, regeneration 1, magic shield, antimagic bite, no potion heal 3, rot
immunity
a: no special abilities


You were on level 2 of the Dungeon.
You were not hungry.

You visited 1 branch of the dungeon, and saw 2 of its levels.

You collected 29 gold pieces.

Inventory:

Hand Weapons
 a - a +2 dagger (weapon)
 b - a +0 blowgun
Missiles
 e - 8 poisoned needles
 f - 2 curare-tipped needles
Armour
 c - a +0 robe (worn)
 d - a +0 cloak (worn)
Scrolls
 h - a scroll of magic mapping {unknown}
 i - 5 scrolls of identify {unknown}
 k - a scroll of remove curse {unknown}
Potions
 j - a potion of curing {unknown}
 l - a potion of experience {unknown}
Comestibles
 g - 2 rations


   Skills:
 - Level 1.7 Fighting
 + Level 2.5 Short Blades
 - Level 1.7 Throwing
 - Level 0.7 Dodging
 + Level 6.6 Stealth


You had 3 spell levels left.
You didn't know any spells.
Your spell library was empty.

Dungeon Overview and Level Annotations

Branches:
Dungeon (2/15)

Altars:
Makhleb


Innate Abilities, Weirdness & Mutations

You have extremely sharp teeth.
Your natural rate of healing is unusually fast.
When hurt, damage is shared between your health and your magic reserves.
Your bite disrupts and absorbs the magic of your enemies.
Potions cannot restore your health.
You are immune to rotting.


Message History

The orc wizard is heavily wounded.
The orc wizard casts a spell at you. The puff of frost hits you!
You closely miss the orc wizard. Your bite misses the orc wizard.
The orc wizard barely misses you.
The orc wizard hits you but does no damage.
The orc wizard hits you with a +0 dagger.
You see here a bat corpse.
The orc wizard gestures wildly while chanting.
The orc wizard flickers and vanishes!
Deactivating autopickup; reactivate with Ctrl-A.
The orc wizard gestures wildly while chanting.
The orc wizard blinks!
Okay, then.
You hear some strange, mumbled words.
A puff of flame appears from out of thin air!
The puff of flame hits you!
* * * LOW HITPOINT WARNING * * *
Something hits you.
You die...

#.##.# #.##.# #.# #..
#.##.# #.# #.# #.##.#
#.# #.# ..##.# #.#
#.# ####.# #.# #.#
#.# #.###.#######
#.#######.?._.†......
#...........@..#
#############.## #o#
#.# #o# . #.# ...
...#####.#....>
#.............#
#######.......#


You could see an orc wizard and an orc.

Vanquished Creatures
  An adder (D:2)
  An ooze (D:1)
  3 worms (D:2)
  A dart slug (D:1)
  A leopard gecko (D:1)
  9 bats
  A giant cockroach (D:1)
  7 goblins
  5 hobgoblins
  3 jackals (D:2)
  2 ball pythons (D:1)
  3 frilled lizards (D:1)
  7 kobolds
  8 rats
52 creatures vanquished.

Notes
Turn   | Place    | Note
-------+----------+-------------------------------------------
     0 | D:1      | HAL9000 the Vine Stalker Assassin began the quest for the
                  | Orb.
     0 | D:1      | Reached XP level 1. HP: 11/11 MP: 2/2
    25 | D:1      | Reached skill level 5 in Stealth
    27 | D:1      | Reached XP level 2. HP: 9/15 MP: 3/3
   334 | D:1      | Reached XP level 3. HP: 14/18 MP: 4/4
   396 | D:1      | Reached skill level 6 in Stealth
  1272 | D:2      | Gained mutation: Your natural rate of healing is unusually
                  | fast. [Vine Stalker growth]
  1272 | D:2      | Reached XP level 4. HP: 17/23 MP: 5/5
  1439 | D:2      | Found a burning altar of Makhleb.
  1476 | D:2      | Slain by an orc wizard

Levels and vault maps discovered:
D:1:      psy_arrival_basics, layout_basic
D:2:      layout_loops_ring, overflow_temple_1_default,
          minmay_tree_intersection, minmay_pentomino_u2

Skill      XL: |  1  2  3 |
---------------+----------+-----
Stealth        | 5 6 |  6.6
Short Blades   | 2 |  2.5
Fighting       | |  1.7
Throwing       | |  1.7
Dodging        | |  0.7

Action                   |  1- 3 |  4- 6 || total
-------------------------+-------+-------++-------
Melee: Dagger            |    96 |    38 ||   134
       Bite              |    18 |    11 ||    29
 Stab: Sleeping          |     7 |     4 ||    11
  Eat: Chunk             |     1 |     1 ||     2
Armor: Robe              |    26 |    13 ||    39
Dodge: Dodged            |    53 |    22 ||    75

Table legend:
 A = Non-vault XP
 B = Vault XP
 C = Vault XP percentage of total XP
 D = Non-vault monster count
 E = Vault monster count
 F = Vault count percentage of total count
                 A         B        C        D         E       F
            +---------+---------+-------+---------+---------+-------
      Total |     105 |       2 |   1.9 |      50 |       2 |   3.8
            +---------+---------+-------+---------+---------+-------
        D:1 |      56 |       0 |   0.0 |      33 |       0 |   0.0
        D:2 |      49 |       2 |   3.9 |      17 |       2 |  10.5
            +---------+---------+-------+---------+---------+-------
